Sasquatch vs Carnivores

Created - 12 décembre 2012 at 22:33

Goals
1 2 3 T
Sasquatch 0 0 1 1
Carnivores 0 0 5 5
Shots
1 2 3 T
Sasquatch 6 7 13 26
Carnivores 11 11 14 36

1st period

No Goal

Penalties :
Michael Grabner (Bre) for Hooking (Minor) at 0:15, David Van Der Gulik (Bre) for Holding (Minor) at 11:18

2nd period

No Goal

Penalties :
Andrew Ference (Bre) for Hooking (Minor) at 1:47, Clayton Stoner (Gat) for Tripping (Minor) at 4:48, Linus Omark (Gat) for Interference (Minor) at 12:26, Cody Franson (Gat) for High sticking (Minor) at 17:46

3rd period

1. Carnivores , Andy Miele 4 (Janne Niinimaa) at 0:26
2. Carnivores , Michael Grabner 4 (Janne Niinimaa, Matt Cullen) at 1:03 (PP)
3. Carnivores , Jeff Friesen 11 (Jeff Halpern, Steve Downie) at 8:17
4. Carnivores , Michael Grabner 5 (Matt Cullen, Jeff Tambellini) at 8:46 (PP)
5. Sasquatch , Andreas Karlsson 7 (Cody Franson) at 15:30
6. Carnivores , Jeff Halpern 2 (Janne Niinimaa, Jeff Schultz) at 18:53

Penalties :
Trevor Daley (Gat) for Slashing (Minor) at 0:56, Jeff Tambellini (Bre) for Interference (Minor) at 2:01, Andrew Cogliano (Gat) for Hooking (Minor) at 2:01, Kevin Porter (Gat) for Holding (Minor) at 6:11, Mark Giordano (Gat) for Holding (Minor) at 8:30

Goalie Stats

Cory Schneider (Gat), 31 saves from 36 shots - (0,861), L, 9-2-1, 60:00 minutes
Josh Tordjman (Bre), 25 saves from 26 shots - (0,962), W, 7-2-1, 60:00 minutes

Players Stats for Sasquatch

Player Name              G  A  P  +/- PIM S  H  SB GA TA FO     MP     PP MP  PK MP  
------------------------------------------------------------------------------------
Aaron Voros              0  0  0   0  0   0  4  0  0  0  0/0     9:46   0:03   1:42 
Andreas Karlsson         1  0  1   0  0   2  2  0  2  0  2/4    12:45   0:00   2:50 
Andrew Cogliano          0  0  0  -1  2   3  3  1  1  0  13/31  22:38   3:16   3:42 
Brandon Yip              0  0  0   1  0   0  2  0  0  0  1/1    15:14   0:03   4:30 
Brian Lee                0  0  0  -1  0   2  1  2  2  0  0/0    29:01   3:40   4:59 
Clayton Stoner           0  0  0   0  2   0  0  1  0  0  0/0    11:50   0:00   1:11 
Cody Franson             0  1  1   0  2   4  4  1  0  1  0/0    25:14   3:40   2:16 
Jared Boll               0  0  0   0  0   0  0  0  0  0  0/0     0:26   0:03   0:00 
Jiri Novotny             0  0  0   0  0   0  0  1  0  0  3/4     9:37   0:00   2:07 
Kevin Porter             0  0  0  -2  2   0  3  0  0  0  7/13   14:59   2:38   0:00 
Konstantin Pushkarev     0  0  0   0  0   0  1  0  0  0  0/0     6:42   0:00   0:00 
Linus Omark              0  0  0  -1  2   3  2  0  0  0  0/1    15:09   3:16   0:00 
Mark Giordano            0  0  0   0  2   1  3  0  1  0  0/0    23:00   2:17   3:20 
Mats Zuccarello          0  0  0   1  0   0  0  0  0  1  0/0     8:53   0:00   0:00 
Matt Ellison             0  0  0  -1  0   3  2  0  1  0  1/1    14:05   2:38   0:00 
Steve Bernier            0  0  0  -2  0   6  3  0  0  0  1/5    21:38   3:16   1:47 
Tomas Kurka              0  0  0  -1  0   2  4  0  0  0  1/2    18:09   2:38   0:00 
Trevor Daley             0  0  0  -3  2   0  1  4  0  0  0/0    30:29   2:17   4:52 

Players Stats for Carnivores

Player Name              G  A  P  +/- PIM S  H  SB GA TA FO     MP     PP MP  PK MP  
------------------------------------------------------------------------------------
Alexei Zhitnik           0  0  0   2  0   2  0  2  1  1  0/0    21:26   4:00   2:17 
Andrew Ference           0  0  0  -1  2   2  0  0  0  0  0/0    11:17   0:00   0:00 
Andy Miele               1  0  1   1  0   4  3  0  0  0  0/1    13:01   0:49   0:00 
Blake Geoffrion          0  0  0   1  0   0  0  0  0  0  0/1    10:23   0:00   0:00 
David Schlemko           0  0  0  -1  0   1  0  2  0  0  0/0    11:14   0:00   0:00 
David Van Der Gulik      0  0  0   0  2   7  0  0  1  0  0/1     8:44   0:14   0:00 
Evgeny Dadonov           0  0  0   0  0   0  0  0  0  0  0/0     0:44   0:14   0:00 
Janne Niinimaa           0  3  3   1  0   1  4  1  0  4  0/0    27:20   4:19   3:40 
Jeff Friesen             1  0  1   1  0   6  3  0  0  0  0/0    20:59   4:20   2:18 
Jeff Halpern             1  1  2   1  0   1  0  0  0  0  7/16   17:52   4:20   0:05 
Jeff Schultz             0  1  1   1  0   0  4  1  0  0  0/0    27:20   4:19   3:40 
Jeff Tambellini          0  1  1   0  2   3  1  1  0  0  2/3    18:27   3:45   2:15 
Kyle Wilson              0  0  0   0  0   1  0  0  0  0  3/6     6:29   0:00   0:00 
Manny Malhotra           0  0  0   1  0   1  0  0  0  0  3/5    12:13   0:00   1:14 
Matt Cullen              0  2  2   0  0   3  3  0  0  0  17/27  25:31   3:13   3:38 
Michael Grabner          2  0  2   0  2   2  3  2  0  0  1/2    19:50   3:45   2:24 
Mikael Backlund          0  0  0   0  0   0  0  0  0  0  0/0     0:00   0:00   0:00 
Ryan Mcdonagh            0  0  0   2  0   2  2  2  0  2  0/0    21:26   4:00   2:17 
Steve Downie             0  1  1   1  0   0  0  0  0  0  0/0    17:44   4:17   0:00 
Tim Conboy               0  0  0   0  0   0  0  0  0  0  0/0     0:00   0:00   0:00 

3 Stars

1 - Janne Niinimaa (Bre)
2 - Michael Grabner (Bre)
3 - Josh Tordjman (Bre)

Power Play

Sasquatch - 0 on 3 Attempt(s) - 0,00%
Carnivores - 2 on 6 Attempt(s) - 33,33%

Penalty Kill

Sasquatch - 4 on 6 Attempt(s) - 66,67% - Score 0 goal in Penalty Kill
Carnivores - 3 on 3 Attempt(s) - 100,00% - Score 0 goal in Penalty Kill

Official

Referees : McCauley Wes and Kowal Tom
Linesman : Pierre Champoux and Tim Nowak

Game Notes

No Game Note

Sasquatch

5 vs 5 Forward 
   Center                   Left Wing                Right Wing               Time % Phy DF OF 
 1 Andrew Cogliano          Tomas Kurka              Steve Bernier            40     1   2  2  
 2 Kevin Porter             Linus Omark              Matt Ellison             30     1   2  2  
 3 Andreas Karlsson         Mats Zuccarello          Brandon Yip              20     1   2  2  
 4 Jiri Novotny             Aaron Voros              Konstantin Pushkarev     10     1   2  2  

5 vs 5 Defense 
   Defense                  Defense                                           Time % Phy DF OF 
 1 Brian Lee                Trevor Daley                                      40     1   2  2  
 2 Mark Giordano            Cody Franson                                      30     1   2  2  
 3 Clayton Stoner           Trevor Daley                                      20     1   2  2  
 4 Brian Lee                Cody Franson                                      10     1   2  2  

PowerPlay Forward 
   Center                   Left Wing                Right Wing               Time % Phy DF OF 
 1 Andrew Cogliano          Linus Omark              Steve Bernier            60     1   2  2  
 2 Kevin Porter             Tomas Kurka              Matt Ellison             40     1   2  2  

PowerPlay Defense
   Defense                  Defense                                           Time % Phy DF OF 
 1 Brian Lee                Cody Franson                                      60     1   2  2  
 2 Trevor Daley             Mark Giordano                                     40     1   2  2  

Penalty Kill 4 Players Forward 
   Center                   Wing                     Time % Phy DF OF 
 1 Andrew Cogliano          Brandon Yip              60     1   2  2  
 2 Andreas Karlsson         Steve Bernier            40     1   2  2  

Penalty Kill 4 Players Defense
   Defense                  Defense                  Time % Phy DF OF 
 1 Brian Lee                Trevor Daley             60     1   2  2  
 2 Mark Giordano            Cody Franson             40     1   2  2  

Penalty Kill - 3 Players Forward 
   Forward                                           Time % Phy DF OF 
 1 Andrew Cogliano                                   60     1   2  2  
 2 Andreas Karlsson                                  40     1   2  2  

Penalty Kill - 3 Players Defense
   Defense                  Defense                  Time % Phy DF OF 
 1 Cody Franson             Trevor Daley             60     1   2  2  
 2 Mark Giordano            Brian Lee                40     1   2  2  

4 vs 4 Forward 
   Center                   Wing                     Time % Phy DF OF 
 1 Andrew Cogliano          Steve Bernier            60     1   2  2  
 2 Kevin Porter             Matt Ellison             40     1   2  2  

4 vs 4 Defense
   Defense                  Defense                  Time % Phy DF OF 
 1 Brian Lee                Trevor Daley             60     1   2  2  
 2 Mark Giordano            Cody Franson             40     1   2  2  

Last Minutes Offensive
   Center                   Left Wing                Right Wing               Defense                  Defense                  
   Andrew Cogliano          Tomas Kurka              Steve Bernier            Trevor Daley             Brian Lee                

Last Minutes Defensive
   Center                   Left Wing                Right Wing               Defense                  Defense                  
   Andrew Cogliano          Linus Omark              Steve Bernier            Mark Giordano            Brian Lee                

Goaltenders
Starting : Cory Schneider           
Backup : Curtis Sanford           

Extra Forwards
Normal : Brandon Yip, Kevin Porter, Jiri Novotny - PP : Brandon Yip, Kevin Porter - PK : Jiri Novotny
Extra Defensemen
Normal : Clayton Stoner, Brian Lee, Mark Giordano - PP : Cody Franson - PK : Clayton Stoner, Trevor Daley
Penalty Shots
Andrew Cogliano, Linus Omark, Andreas Karlsson, Jiri Novotny, Mats Zuccarello

Carnivores

5 vs 5 Forward 
   Center                   Left Wing                Right Wing               Time % Phy DF OF 
 1 Matt Cullen              Jeff Tambellini          Michael Grabner          40     1   2  2  
 2 Jeff Halpern             Jeff Friesen             Steve Downie             30     1   2  2  
 3 Manny Malhotra           Blake Geoffrion          Andy Miele               20     1   2  2  
 4 Kyle Wilson              Matt Cullen              David Van Der Gulik      10     1   2  2  

5 vs 5 Defense 
   Defense                  Defense                                           Time % Phy DF OF 
 1 Jeff Schultz             Janne Niinimaa                                    40     1   2  2  
 2 Ryan Mcdonagh            Alexei Zhitnik                                    30     1   2  2  
 3 Andrew Ference           David Schlemko                                    20     1   2  2  
 4 Jeff Schultz             Janne Niinimaa                                    10     1   2  2  

PowerPlay Forward 
   Center                   Left Wing                Right Wing               Time % Phy DF OF 
 1 Matt Cullen              Jeff Tambellini          Michael Grabner          60     1   2  2  
 2 Jeff Halpern             Jeff Friesen             Steve Downie             40     1   2  2  

PowerPlay Defense
   Defense                  Defense                                           Time % Phy DF OF 
 1 Jeff Schultz             Janne Niinimaa                                    60     1   2  2  
 2 Ryan Mcdonagh            Alexei Zhitnik                                    40     1   2  2  

Penalty Kill 4 Players Forward 
   Center                   Wing                     Time % Phy DF OF 
 1 Matt Cullen              Michael Grabner          60     1   2  2  
 2 Jeff Tambellini          Jeff Friesen             40     1   2  2  

Penalty Kill 4 Players Defense
   Defense                  Defense                  Time % Phy DF OF 
 1 Jeff Schultz             Janne Niinimaa           60     1   2  2  
 2 Ryan Mcdonagh            Alexei Zhitnik           40     1   2  2  

Penalty Kill - 3 Players Forward 
   Forward                                           Time % Phy DF OF 
 1 Matt Cullen                                       60     1   2  2  
 2 Michael Grabner                                   40     1   2  2  

Penalty Kill - 3 Players Defense
   Defense                  Defense                  Time % Phy DF OF 
 1 Jeff Schultz             Janne Niinimaa           60     1   2  2  
 2 Ryan Mcdonagh            Alexei Zhitnik           40     1   2  2  

4 vs 4 Forward 
   Center                   Wing                     Time % Phy DF OF 
 1 Matt Cullen              Michael Grabner          60     1   2  2  
 2 Jeff Tambellini          Jeff Friesen             40     1   2  2  

4 vs 4 Defense
   Defense                  Defense                  Time % Phy DF OF 
 1 Jeff Schultz             Janne Niinimaa           60     1   2  2  
 2 Ryan Mcdonagh            Alexei Zhitnik           40     1   2  2  

Last Minutes Offensive
   Center                   Left Wing                Right Wing               Defense                  Defense                  
   Matt Cullen              Jeff Tambellini          Michael Grabner          Jeff Schultz             Janne Niinimaa           

Last Minutes Defensive
   Center                   Left Wing                Right Wing               Defense                  Defense                  
   Matt Cullen              Jeff Tambellini          Michael Grabner          Jeff Schultz             Janne Niinimaa           

Goaltenders
Starting : Josh Tordjman            
Backup : Steve Mason              

Extra Forwards
Normal : Andy Miele, David Van Der Gulik, Manny Malhotra - PP : Andy Miele, David Van Der Gulik - PK : Manny Malhotra
Extra Defensemen
Normal : Andrew Ference, David Schlemko, Ryan Mcdonagh - PP : Andrew Ference - PK : David Schlemko, Ryan Mcdonagh
Penalty Shots
Matt Cullen, Michael Grabner, Jeff Tambellini, Jeff Friesen, Jeff Halpern

% Time on Ice - Sasquatch

Lines # - Real PCT - Wanted PCT - Time Play
Normal Forward
1 - 38% - 40% - 16:36
2 - 26% - 30% - 11:34
3 - 20% - 20% - 8:53
4 - 15% - 10% - 6:42
Normal Defense
1 - 35% - 40% - 15:19
2 - 37% - 30% - 16:21
3 - 20% - 20% - 8:54
4 - 7% - 10% - 3:11
PP Forward
1 - 56% - 60% - 3:19
2 - 44% - 40% - 2:38
PP Defense
1 - 62% - 60% - 3:40
2 - 38% - 40% - 2:17
PK Forward
1 - 79% - 60% - 6:32
2 - 21% - 40% - 1:47
PK Defense
1 - 60% - 60% - 4:59
2 - 40% - 40% - 3:20
PK3 Forward
1 - 0% - 60%
2 - 0% - 40%
PK3 Defense
1 - 0% - 60%
2 - 0% - 40%
44 Forward
1 - 100% - 60% - 1:59
2 - 0% - 40% - 0:00
44 Defense
1 - 47% - 60% - 0:56
2 - 53% - 40% - 1:03
Last Minute Offensive  - 0:00
Last Minute Defensive  - 0:00
Total
Forward - 60:00
Defense - 60:00

% Time on Ice - Carnivores

Lines # - Real PCT - Wanted PCT - Time Play
Normal Forward
1 - 30% - 40% - 12:57
2 - 32% - 30% - 13:56
3 - 24% - 20% - 10:23
4 - 15% - 10% - 6:29
Normal Defense
1 - 42% - 40% - 18:10
2 - 33% - 30% - 14:16
3 - 26% - 20% - 11:14
4 - 0% - 10% - 0:05
PP Forward
1 - 48% - 60% - 3:59
2 - 52% - 40% - 4:20
PP Defense
1 - 52% - 60% - 4:19
2 - 48% - 40% - 4:00
PK Forward
1 - 70% - 60% - 4:10
2 - 30% - 40% - 1:47
PK Defense
1 - 62% - 60% - 3:40
2 - 38% - 40% - 2:17
PK3 Forward
1 - 0% - 60%
2 - 0% - 40%
PK3 Defense
1 - 0% - 60%
2 - 0% - 40%
44 Forward
1 - 67% - 60% - 1:20
2 - 33% - 40% - 0:39
44 Defense
1 - 55% - 60% - 1:06
2 - 45% - 40% - 0:53
Last Minute Offensive  - 0:00
Last Minute Defensive  - 0:00
Total
Forward - 60:00
Defense - 60:00

Play by Play

1st period


0:01 of 1st period - Matt Cullen wins face-off versus Andrew Cogliano in neutral zone.
0:15 of 1st period - Minor Penalty to Michael Grabner for Hooking.
0:16 of 1st period - Matt Cullen wins face-off versus Andrew Cogliano in Carnivores zone.
0:21 of 1st period - Andrew Cogliano is hit by Janne Niinimaa and loses puck.
1:15 of 1st period - Ryan Mcdonagh is hit by Matt Ellison and loses puck.
2:15 of 1st period - Penalty to Michael Grabner is over, Michael Grabner is back on ice.
3:17 of 1st period - Slapshot by David Van Der Gulik.
3:17 of 1st period - Stopped by Cory Schneider without a rebound.
3:18 of 1st period - Andrew Cogliano wins face-off versus Kyle Wilson in Sasquatch zone.
4:22 of 1st period - Andrew Ference is hit by Aaron Voros and loses puck.
4:42 of 1st period - Snap shot by Andy Miele.
4:42 of 1st period - Stopped by Cory Schneider without a rebound.
4:43 of 1st period - Andrew Cogliano wins face-off versus Jeff Halpern in Sasquatch zone.
4:53 of 1st period - Cody Franson is hit by Jeff Friesen and loses puck.
5:28 of 1st period - Matt Cullen is hit by Steve Bernier and loses puck.
5:37 of 1st period - Slapshot by Matt Cullen.
5:37 of 1st period - Deflect By Cody Franson.
5:37 of 1st period - Shot Blocked by Cody Franson.
5:37 of 1st period - Puck is out of play.
5:38 of 1st period - Jeff Halpern wins face-off versus Kevin Porter in Sasquatch zone.
5:45 of 1st period - Wrist shot by Steve Downie.
5:45 of 1st period - Shot Misses the Net.
6:30 of 1st period - Michael Grabner is hit by Aaron Voros.
7:21 of 1st period - Jeff Schultz is hit by Brandon Yip and loses puck.
7:34 of 1st period - Janne Niinimaa is hit by Linus Omark and loses puck.
7:44 of 1st period - Off-side.
7:45 of 1st period - Jeff Halpern wins face-off versus Jiri Novotny in neutral zone.
8:14 of 1st period - Snap shot by Aaron Voros.
8:14 of 1st period - Shot Misses the Net.
9:02 of 1st period - Janne Niinimaa is hit by Cody Franson and loses puck.
9:51 of 1st period - Janne Niinimaa is hit by Mark Giordano and loses puck.
10:19 of 1st period - Jeff Tambellini is hit by Konstantin Pushkarev and loses puck.
10:36 of 1st period - David Schlemko is hit by Aaron Voros and loses puck.
11:13 of 1st period - Slapshot by Matt Ellison.
11:13 of 1st period - Stopped by Josh Tordjman without a rebound.
11:14 of 1st period - Kyle Wilson wins face-off versus Kevin Porter in Carnivores zone.
11:18 of 1st period - Minor Penalty to David Van Der Gulik for Holding.
11:19 of 1st period - Matt Cullen wins face-off versus Andrew Cogliano in Carnivores zone.
11:53 of 1st period - Wrist shot by Jeff Friesen.
11:53 of 1st period - Stopped by Cory Schneider with a rebound.
11:55 of 1st period - Snap shot by Ryan Mcdonagh.
11:55 of 1st period - Deflect By Brian Lee.
11:55 of 1st period - Stopped by Cory Schneider without a rebound.
11:56 of 1st period - Jeff Tambellini wins face-off versus Tomas Kurka in Sasquatch zone.
12:06 of 1st period - Off-side.
12:07 of 1st period - Andrew Cogliano wins face-off versus Matt Cullen in neutral zone.
12:10 of 1st period - Slapshot by Brian Lee.
12:10 of 1st period - Deflect By Andrew Cogliano.
12:10 of 1st period - Stopped by Josh Tordjman without a rebound.
12:11 of 1st period - Michael Grabner wins face-off versus Steve Bernier in Carnivores zone.
12:24 of 1st period - Wrist shot by Linus Omark.
12:24 of 1st period - Stopped by Josh Tordjman with a rebound.
12:26 of 1st period - Backhand shot by Linus Omark.
12:26 of 1st period - Shot Misses the Net.
13:18 of 1st period - Penalty to David Van Der Gulik is over, David Van Der Gulik is back on ice.
13:40 of 1st period - Snap shot by David Van Der Gulik.
13:40 of 1st period - Shot Misses the Net.
13:42 of 1st period - Slapshot by Michael Grabner.
13:42 of 1st period - Shot Hit the Post.
13:58 of 1st period - Wrist shot by David Van Der Gulik.
13:58 of 1st period - Stopped by Cory Schneider with a rebound.
14:00 of 1st period - Slapshot by Alexei Zhitnik.
14:00 of 1st period - Deflect By Matt Cullen.
14:00 of 1st period - Shot Misses the Net.
14:00 of 1st period - Puck is out of play.
14:01 of 1st period - Andreas Karlsson wins face-off versus Jeff Halpern in Sasquatch zone.
14:16 of 1st period - Snap shot by Andreas Karlsson.
14:16 of 1st period - Stopped by Josh Tordjman without a rebound.
14:17 of 1st period - Manny Malhotra wins face-off versus Andrew Cogliano in Carnivores zone.
14:48 of 1st period - Icing by Clayton Stoner.
14:49 of 1st period - Kevin Porter wins face-off versus Jeff Halpern in Sasquatch zone.
14:54 of 1st period - Slapshot by Trevor Daley.
14:54 of 1st period - Deflect By Linus Omark.
14:54 of 1st period - Shot Misses the Net.
14:54 of 1st period - Puck is out of play.
14:55 of 1st period - Andrew Cogliano wins face-off versus Jeff Halpern in Carnivores zone.
14:58 of 1st period - Slapshot by Steve Bernier.
14:58 of 1st period - Stopped by Josh Tordjman without a rebound.
14:59 of 1st period - Jeff Halpern wins face-off versus Andrew Cogliano in Carnivores zone.
16:20 of 1st period - Slapshot by Alexei Zhitnik.
16:20 of 1st period - Shot Blocked by Trevor Daley.
16:22 of 1st period - Slapshot by Alexei Zhitnik.
16:22 of 1st period - Shot Blocked by Trevor Daley.
16:24 of 1st period - Slapshot by Alexei Zhitnik.
16:24 of 1st period - Shot Misses the Net.
16:26 of 1st period - Slapshot by Jeff Friesen.
16:26 of 1st period - Stopped by Cory Schneider with a rebound.
16:28 of 1st period - Slapshot by Ryan Mcdonagh.
16:28 of 1st period - Deflect By Brian Lee.
16:28 of 1st period - Stopped by Cory Schneider without a rebound.
16:29 of 1st period - Andrew Cogliano wins face-off versus Matt Cullen in Sasquatch zone.
16:42 of 1st period - Snap shot by Jeff Tambellini.
16:42 of 1st period - Stopped by Cory Schneider with a rebound.
16:44 of 1st period - Slapshot by Matt Cullen.
16:44 of 1st period - Shot Misses the Net.
17:36 of 1st period - Andrew Cogliano is hit by Jeff Tambellini and loses puck.
18:10 of 1st period - Andrew Ference is hit by Mark Giordano.
18:11 of 1st period - Icing by Andrew Ference.
18:12 of 1st period - Jiri Novotny wins face-off versus Kyle Wilson in Carnivores zone.
18:13 of 1st period - Snap shot by Cody Franson.
18:13 of 1st period - Stopped by Josh Tordjman with a rebound.
18:36 of 1st period - Manny Malhotra is hit by Cody Franson and loses puck.
19:15 of 1st period - Wrist shot by Matt Cullen.
19:15 of 1st period - Shot Blocked by Brian Lee.
19:17 of 1st period - Snap shot by Kyle Wilson.
19:17 of 1st period - Stopped by Cory Schneider with a rebound.
19:19 of 1st period - Slapshot by David Schlemko.
19:19 of 1st period - Stopped by Cory Schneider with a rebound.
19:21 of 1st period - Slapshot by Andrew Ference.
19:21 of 1st period - Stopped by Cory Schneider with a rebound.
19:55 of 1st period - Tomas Kurka is hit by Jeff Schultz and loses puck.

2nd period


0:01 of 2nd period - Matt Cullen wins face-off versus Andrew Cogliano in neutral zone.
0:26 of 2nd period - Brian Lee is hit by Jeff Friesen and loses puck.
0:37 of 2nd period - Slapshot by Jeff Friesen.
0:37 of 2nd period - Stopped by Cory Schneider with a rebound.
0:39 of 2nd period - Backhand shot by Jeff Halpern.
0:39 of 2nd period - Shot Misses the Net.
1:12 of 2nd period - Wrist shot by David Van Der Gulik.
1:12 of 2nd period - Stopped by Cory Schneider without a rebound.
1:13 of 2nd period - Kyle Wilson wins face-off versus Andrew Cogliano in Sasquatch zone.
1:18 of 2nd period - Wrist shot by David Van Der Gulik.
1:18 of 2nd period - Shot Misses the Net.
1:26 of 2nd period - Wrist shot by Steve Bernier.
1:26 of 2nd period - Shot Blocked by Janne Niinimaa.
1:44 of 2nd period - Slapshot by Matt Ellison.
1:44 of 2nd period - Shot Blocked by Jeff Schultz.
1:46 of 2nd period - Slapshot by Mark Giordano.
1:46 of 2nd period - Stopped by Josh Tordjman without a rebound.
1:47 of 2nd period - Matt Ellison wins face-off versus Matt Cullen in Carnivores zone.
1:47 of 2nd period - Minor Penalty to Andrew Ference for Hooking.
1:48 of 2nd period - Matt Cullen wins face-off versus Andrew Cogliano in Carnivores zone.
1:48 of 2nd period - Matt Cullen is hit by Andrew Cogliano.
2:02 of 2nd period - Snap shot by Andrew Cogliano.
2:02 of 2nd period - Deflect By Michael Grabner.
2:02 of 2nd period - Shot Misses the Net.
2:02 of 2nd period - Puck is out of play.
2:03 of 2nd period - Matt Cullen wins face-off versus Andrew Cogliano in Carnivores zone.
2:28 of 2nd period - Matt Cullen is hit by Tomas Kurka and loses puck.
2:37 of 2nd period - Wrist shot by Matt Ellison.
2:37 of 2nd period - Shot Misses the Net.
3:15 of 2nd period - Michael Grabner is hit by Tomas Kurka and loses puck.
3:47 of 2nd period - Penalty to Andrew Ference is over, Andrew Ference is back on ice.
4:23 of 2nd period - Mark Giordano is hit by Matt Cullen and loses puck.
4:48 of 2nd period - Minor Penalty to Clayton Stoner for Tripping.
4:49 of 2nd period - Andrew Cogliano wins face-off versus Matt Cullen in Sasquatch zone.
5:00 of 2nd period - Snap shot by Janne Niinimaa.
5:00 of 2nd period - Shot Blocked by Andrew Cogliano.
6:42 of 2nd period - Slapshot by Andy Miele.
6:42 of 2nd period - Stopped by Cory Schneider with a rebound.
6:48 of 2nd period - Penalty to Clayton Stoner is over, Clayton Stoner is back on ice.
6:50 of 2nd period - Slapshot by Andy Miele.
6:50 of 2nd period - Shot Misses the Net.
6:52 of 2nd period - Slapshot by Andrew Ference.
6:52 of 2nd period - Shot Misses the Net.
7:04 of 2nd period - Slapshot by Andrew Ference.
7:04 of 2nd period - Shot Misses the Net.
7:20 of 2nd period - Slapshot by Cody Franson.
7:20 of 2nd period - Deflect By David Van Der Gulik.
7:20 of 2nd period - Stopped by Josh Tordjman without a rebound.
7:21 of 2nd period - Andrew Cogliano wins face-off versus Kyle Wilson in Carnivores zone.
7:22 of 2nd period - Slapshot by Tomas Kurka.
7:22 of 2nd period - Shot Misses the Net.
7:56 of 2nd period - Slapshot by Alexei Zhitnik.
7:56 of 2nd period - Stopped by Cory Schneider with a rebound.
7:58 of 2nd period - Slapshot by Alexei Zhitnik.
7:58 of 2nd period - Shot Misses the Net.
8:00 of 2nd period - Snap shot by Ryan Mcdonagh.
8:00 of 2nd period - Shot Blocked by Jiri Novotny.
8:02 of 2nd period - Slapshot by Alexei Zhitnik.
8:02 of 2nd period - Stopped by Cory Schneider without a rebound.
8:03 of 2nd period - Matt Cullen wins face-off versus Andrew Cogliano in Sasquatch zone.
8:30 of 2nd period - Brandon Yip is hit by Janne Niinimaa and loses puck.
8:43 of 2nd period - David Schlemko is hit by Cody Franson and loses puck.
8:51 of 2nd period - Icing by Jeff Friesen.
8:52 of 2nd period - Kevin Porter wins face-off versus Jeff Halpern in Carnivores zone.
8:53 of 2nd period - Snap shot by Matt Ellison.
8:53 of 2nd period - Stopped by Josh Tordjman without a rebound.
8:54 of 2nd period - Andrew Cogliano wins face-off versus Matt Cullen in Carnivores zone.
8:55 of 2nd period - Wrist shot by Steve Bernier.
8:55 of 2nd period - Shot Misses the Net.
9:59 of 2nd period - Brian Lee is hit by Andy Miele and loses puck.
10:31 of 2nd period - Wrist shot by Steve Bernier.
10:31 of 2nd period - Shot Misses the Net.
10:33 of 2nd period - Slapshot by Brian Lee.
10:33 of 2nd period - Shot Misses the Net.
10:37 of 2nd period - Wrist shot by Tomas Kurka.
10:37 of 2nd period - Shot Misses the Net.
10:53 of 2nd period - Wrist shot by Matt Cullen.
10:53 of 2nd period - Stopped by Cory Schneider without a rebound.
10:54 of 2nd period - Kyle Wilson wins face-off versus Andrew Cogliano in Sasquatch zone.
10:57 of 2nd period - Snap shot by David Van Der Gulik.
10:57 of 2nd period - Stopped by Cory Schneider with a rebound.
11:05 of 2nd period - Clayton Stoner is hit by Matt Cullen and loses puck.
11:17 of 2nd period - Andrew Cogliano is hit by Jeff Schultz and loses puck.
11:26 of 2nd period - Janne Niinimaa is hit by Steve Bernier and loses puck.
11:39 of 2nd period - Steve Bernier is hit by Janne Niinimaa and loses puck.
11:52 of 2nd period - David Van Der Gulik is hit by Andrew Cogliano and loses puck.
11:59 of 2nd period - Tomas Kurka is hit by Matt Cullen and loses puck.
12:06 of 2nd period - Wrist shot by Matt Cullen.
12:06 of 2nd period - Stopped by Cory Schneider with a rebound.
12:08 of 2nd period - Wrist shot by David Van Der Gulik.
12:08 of 2nd period - Stopped by Cory Schneider with a rebound.
12:20 of 2nd period - Slapshot by Steve Bernier.
12:20 of 2nd period - Stopped by Josh Tordjman without a rebound.
12:21 of 2nd period - Jeff Halpern wins face-off versus Kevin Porter in Carnivores zone.
12:21 of 2nd period - Jeff Halpern is hit by Linus Omark.
12:26 of 2nd period - Minor Penalty to Linus Omark for Interference.
12:27 of 2nd period - Jiri Novotny wins face-off versus Jeff Halpern in Sasquatch zone.
12:27 of 2nd period - Jiri Novotny is hit by Jeff Schultz.
12:52 of 2nd period - Andreas Karlsson is hit by Andy Miele and loses puck.
14:26 of 2nd period - Penalty to Linus Omark is over, Linus Omark is back on ice.
14:28 of 2nd period - Icing by Clayton Stoner.
14:29 of 2nd period - Andreas Karlsson wins face-off versus Andy Miele in Sasquatch zone.
14:34 of 2nd period - Linus Omark is hit by Andy Miele.
14:54 of 2nd period - Backhand shot by Blake Geoffrion.
14:54 of 2nd period - Shot Blocked by Clayton Stoner.
15:08 of 2nd period - Snap shot by Steve Bernier.
15:08 of 2nd period - Shot Misses the Net.
15:10 of 2nd period - Slapshot by Brian Lee.
15:10 of 2nd period - Shot Blocked by Jeff Tambellini.
15:12 of 2nd period - Slapshot by Brian Lee.
15:12 of 2nd period - Shot Misses the Net.
15:14 of 2nd period - Wrist shot by Andrew Cogliano.
15:14 of 2nd period - Stopped by Josh Tordjman without a rebound.
15:15 of 2nd period - Andrew Cogliano wins face-off versus Jeff Halpern in Carnivores zone.
15:40 of 2nd period - Linus Omark is hit by Michael Grabner and loses puck.
15:59 of 2nd period - Snap shot by Jiri Novotny.
15:59 of 2nd period - Shot Blocked by Ryan Mcdonagh.
16:05 of 2nd period - Andy Miele is hit by Aaron Voros and loses puck.
16:18 of 2nd period - Steve Downie is hit by Cody Franson and loses puck.
16:49 of 2nd period - Off-side.
16:50 of 2nd period - Kevin Porter wins face-off versus Manny Malhotra in neutral zone.
16:57 of 2nd period - Snap shot by Manny Malhotra.
16:57 of 2nd period - Stopped by Cory Schneider with a rebound.
17:15 of 2nd period - Steve Bernier is hit by Jeff Friesen and loses puck.
17:40 of 2nd period - Slapshot by Matt Cullen.
17:40 of 2nd period - Stopped by Cory Schneider without a rebound.
17:41 of 2nd period - Kevin Porter wins face-off versus Matt Cullen in Sasquatch zone.
17:46 of 2nd period - Minor Penalty to Cody Franson for High sticking.
17:47 of 2nd period - Matt Cullen wins face-off versus Andrew Cogliano in Sasquatch zone.
17:58 of 2nd period - Snap shot by Jeff Tambellini.
17:58 of 2nd period - Shot Misses the Net.
18:00 of 2nd period - Slapshot by Janne Niinimaa.
18:00 of 2nd period - Shot Blocked by Trevor Daley.
19:46 of 2nd period - Penalty to Cody Franson is over, Cody Franson is back on ice.
19:50 of 2nd period - Icing by Jeff Halpern.
19:51 of 2nd period - Kevin Porter wins face-off versus Blake Geoffrion in Carnivores zone.
19:52 of 2nd period - Snap shot by Matt Ellison.
19:52 of 2nd period - Shot Misses the Net.
19:54 of 2nd period - Snap shot by Linus Omark.
19:54 of 2nd period - Stopped by Josh Tordjman without a rebound.
19:55 of 2nd period - Kevin Porter wins face-off versus Manny Malhotra in Carnivores zone.
19:56 of 2nd period - Snap shot by Matt Ellison.
19:56 of 2nd period - Shot Blocked by David Schlemko.
19:58 of 2nd period - Slapshot by Brian Lee.
19:58 of 2nd period - Stopped by Josh Tordjman with a rebound.

3rd period


0:01 of 3rd period - Steve Bernier wins face-off versus Jeff Tambellini in neutral zone.
0:26 of 3rd period - Snap shot by Andy Miele.
0:26 of 3rd period - Goal by Andy Miele - Sasquatch : 0 - Carnivores : 1.
0:27 of 3rd period - Jeff Tambellini wins face-off versus Kevin Porter in neutral zone.
0:37 of 3rd period - Snap shot by Jeff Tambellini.
0:37 of 3rd period - Stopped by Cory Schneider with a rebound.
0:56 of 3rd period - Minor Penalty to Trevor Daley for Slashing.
0:57 of 3rd period - Matt Cullen wins face-off versus Andrew Cogliano in Sasquatch zone.
1:01 of 3rd period - Snap shot by Janne Niinimaa.
1:01 of 3rd period - Deflect By Andrew Cogliano.
1:01 of 3rd period - Stopped by Cory Schneider with a rebound.
1:03 of 3rd period - Slapshot by Michael Grabner.
1:03 of 3rd period - Goal by Michael Grabner - Sasquatch : 0 - Carnivores : 2.
1:04 of 3rd period - Matt Cullen wins face-off versus Andrew Cogliano in neutral zone.
1:04 of 3rd period - Matt Cullen is hit by Steve Bernier.
1:07 of 3rd period - Off-side.
1:08 of 3rd period - Matt Cullen wins face-off versus Andrew Cogliano in neutral zone.
1:14 of 3rd period - Jeff Schultz is hit by Brian Lee and loses puck.
1:29 of 3rd period - Tomas Kurka is hit by Michael Grabner and loses puck.
1:40 of 3rd period - Snap shot by Matt Cullen.
1:40 of 3rd period - Shot Misses the Net.
1:42 of 3rd period - Slapshot by Jeff Schultz.
1:42 of 3rd period - Shot Misses the Net.
1:44 of 3rd period - Slapshot by Janne Niinimaa.
1:44 of 3rd period - Shot Misses the Net.
1:58 of 3rd period - Snap shot by Matt Cullen.
1:58 of 3rd period - Shot Misses the Net.
2:00 of 3rd period - Wrist shot by Jeff Schultz.
2:00 of 3rd period - Shot Misses the Net.
2:01 of 3rd period - Minor Penalty to Jeff Tambellini for Interference.
2:01 of 3rd period - Minor Penalty to Andrew Cogliano for Hooking.
2:02 of 3rd period - Matt Cullen wins face-off versus Steve Bernier in Sasquatch zone.
2:35 of 3rd period - Jeff Friesen is hit by Kevin Porter.
2:45 of 3rd period - Slapshot by Jeff Friesen.
2:45 of 3rd period - Stopped by Cory Schneider with a rebound.
2:55 of 3rd period - Wrist shot by David Van Der Gulik.
2:55 of 3rd period - Stopped by Cory Schneider without a rebound.
2:56 of 3rd period - Brandon Yip wins face-off versus David Van Der Gulik in Sasquatch zone.
3:03 of 3rd period - Slapshot by Brian Lee.
3:03 of 3rd period - Shot Misses the Net.
3:05 of 3rd period - Snap shot by Brandon Yip.
3:05 of 3rd period - Shot Blocked by Alexei Zhitnik.
3:07 of 3rd period - Snap shot by Steve Bernier.
3:07 of 3rd period - Stopped by Josh Tordjman with a rebound.
3:24 of 3rd period - Michael Grabner is hit by Brandon Yip and loses puck.
3:35 of 3rd period - Ryan Mcdonagh is hit by Kevin Porter and loses puck.
4:01 of 3rd period - Penalty to Jeff Tambellini is over, Jeff Tambellini is back on ice.
4:01 of 3rd period - Penalty to Andrew Cogliano is over, Andrew Cogliano is back on ice.
4:05 of 3rd period - Snap shot by Andrew Cogliano.
4:05 of 3rd period - Stopped by Josh Tordjman without a rebound.
4:06 of 3rd period - Jeff Halpern wins face-off versus Linus Omark in Carnivores zone.
4:06 of 3rd period - Jeff Halpern is hit by Matt Ellison.
4:33 of 3rd period - Wrist shot by Steve Bernier.
4:33 of 3rd period - Stopped by Josh Tordjman without a rebound.
4:34 of 3rd period - Matt Cullen wins face-off versus Steve Bernier in Carnivores zone.
4:34 of 3rd period - Matt Cullen is hit by Andrew Cogliano.
4:39 of 3rd period - Off-side.
4:40 of 3rd period - Matt Cullen wins face-off versus Kevin Porter in neutral zone.
5:16 of 3rd period - Wrist shot by Jeff Friesen.
5:16 of 3rd period - Shot Misses the Net.
5:18 of 3rd period - Wrist shot by Jeff Friesen.
5:18 of 3rd period - Stopped by Cory Schneider without a rebound.
5:19 of 3rd period - Manny Malhotra wins face-off versus Kevin Porter in Sasquatch zone.
5:48 of 3rd period - Icing by Michael Grabner.
5:49 of 3rd period - Andrew Cogliano wins face-off versus Matt Cullen in Carnivores zone.
6:11 of 3rd period - Minor Penalty to Kevin Porter for Holding.
6:12 of 3rd period - Matt Cullen wins face-off versus Andrew Cogliano in Sasquatch zone.
7:14 of 3rd period - Cody Franson is hit by Ryan Mcdonagh and loses puck.
8:11 of 3rd period - Penalty to Kevin Porter is over, Kevin Porter is back on ice.
8:17 of 3rd period - Wrist shot by Jeff Friesen.
8:17 of 3rd period - Goal by Jeff Friesen - Sasquatch : 0 - Carnivores : 3.
8:18 of 3rd period - Andrew Cogliano wins face-off versus Michael Grabner in neutral zone.
8:25 of 3rd period - Wrist shot by Steve Bernier.
8:25 of 3rd period - Stopped by Josh Tordjman with a rebound.
8:30 of 3rd period - Minor Penalty to Mark Giordano for Holding.
8:31 of 3rd period - Andrew Cogliano wins face-off versus Matt Cullen in Sasquatch zone.
8:46 of 3rd period - Wrist shot by Matt Cullen.
8:46 of 3rd period - Deflect By Michael Grabner.
8:46 of 3rd period - Goal by Michael Grabner - Sasquatch : 0 - Carnivores : 4.
8:47 of 3rd period - Tomas Kurka wins face-off versus Matt Cullen in neutral zone.
8:54 of 3rd period - Slapshot by Brian Lee.
8:54 of 3rd period - Shot Misses the Net.
9:32 of 3rd period - Off-side.
9:33 of 3rd period - Manny Malhotra wins face-off versus Andreas Karlsson in neutral zone.
9:36 of 3rd period - Slapshot by Jeff Schultz.
9:36 of 3rd period - Shot Hit the Post.
9:42 of 3rd period - Jeff Schultz is hit by Andreas Karlsson and loses puck.
10:18 of 3rd period - Clayton Stoner is hit by Janne Niinimaa and loses puck.
10:40 of 3rd period - Wrist shot by Aaron Voros.
10:40 of 3rd period - Shot Misses the Net.
10:44 of 3rd period - Snap shot by Jiri Novotny.
10:44 of 3rd period - Shot Misses the Net.
10:48 of 3rd period - Wrist shot by Aaron Voros.
10:48 of 3rd period - Deflect By Konstantin Pushkarev.
10:48 of 3rd period - Shot Misses the Net.
10:48 of 3rd period - Puck is out of play.
10:49 of 3rd period - Jeff Halpern wins face-off versus Andrew Cogliano in Carnivores zone.
12:05 of 3rd period - Icing by Aaron Voros.
12:06 of 3rd period - Jiri Novotny wins face-off versus Jeff Halpern in Sasquatch zone.
12:31 of 3rd period - Trevor Daley is hit by Michael Grabner and loses puck.
13:11 of 3rd period - Clayton Stoner is hit by Ryan Mcdonagh and loses puck.
13:24 of 3rd period - Manny Malhotra is hit by Tomas Kurka.
13:33 of 3rd period - Slapshot by Steve Bernier.
13:33 of 3rd period - Stopped by Josh Tordjman with a rebound.
13:39 of 3rd period - Slapshot by Andrew Ference.
13:39 of 3rd period - Stopped by Cory Schneider with a rebound.
13:43 of 3rd period - Snap shot by David Van Der Gulik.
13:43 of 3rd period - Stopped by Cory Schneider with a rebound.
14:48 of 3rd period - Wrist shot by Andrew Cogliano.
14:48 of 3rd period - Shot Blocked by Michael Grabner.
14:54 of 3rd period - Matt Cullen is hit by Tomas Kurka and loses puck.
15:07 of 3rd period - Andrew Ference is hit by Andreas Karlsson and loses puck.
15:11 of 3rd period - Icing by David Schlemko.
15:12 of 3rd period - Jeff Halpern wins face-off versus Andreas Karlsson in Carnivores zone.
15:25 of 3rd period - Andrew Ference is hit by Mark Giordano and loses puck.
15:30 of 3rd period - Wrist shot by Andreas Karlsson.
15:30 of 3rd period - Goal by Andreas Karlsson - Sasquatch : 1 - Carnivores : 4.
15:31 of 3rd period - Matt Cullen wins face-off versus Andrew Cogliano in neutral zone.
15:41 of 3rd period - Wrist shot by Cody Franson.
15:41 of 3rd period - Stopped by Josh Tordjman with a rebound.
15:43 of 3rd period - Wrist shot by Andrew Cogliano.
15:43 of 3rd period - Shot Misses the Net.
15:45 of 3rd period - Wrist shot by Tomas Kurka.
15:45 of 3rd period - Stopped by Josh Tordjman with a rebound.
15:47 of 3rd period - Snap shot by Mark Giordano.
15:47 of 3rd period - Shot Blocked by Michael Grabner.
15:57 of 3rd period - Mark Giordano is hit by Jeff Schultz and loses puck.
16:47 of 3rd period - Slapshot by Tomas Kurka.
16:47 of 3rd period - Deflect By Alexei Zhitnik.
16:47 of 3rd period - Stopped by Josh Tordjman with a rebound.
16:49 of 3rd period - Slapshot by Trevor Daley.
16:49 of 3rd period - Shot Misses the Net.
16:51 of 3rd period - Slapshot by Brian Lee.
16:51 of 3rd period - Deflect By Matt Cullen.
16:51 of 3rd period - Stopped by Josh Tordjman without a rebound.
16:52 of 3rd period - Kevin Porter wins face-off versus Jeff Halpern in Carnivores zone.
16:57 of 3rd period - Snap shot by Matt Ellison.
16:57 of 3rd period - Shot Misses the Net.
16:59 of 3rd period - Snap shot by Matt Ellison.
16:59 of 3rd period - Stopped by Josh Tordjman with a rebound.
17:01 of 3rd period - Wrist shot by Matt Ellison.
17:01 of 3rd period - Shot Blocked by David Schlemko.
17:03 of 3rd period - Slapshot by Cody Franson.
17:03 of 3rd period - Deflect By Steve Downie.
17:03 of 3rd period - Stopped by Josh Tordjman without a rebound.
17:04 of 3rd period - Andrew Cogliano wins face-off versus Matt Cullen in Carnivores zone.
17:05 of 3rd period - Slapshot by Steve Bernier.
17:05 of 3rd period - Shot Misses the Net.
17:17 of 3rd period - Wrist shot by Matt Cullen.
17:17 of 3rd period - Shot Misses the Net.
17:41 of 3rd period - Wrist shot by Andy Miele.
17:41 of 3rd period - Stopped by Cory Schneider with a rebound.
17:58 of 3rd period - Snap shot by Kevin Porter.
17:58 of 3rd period - Shot Blocked by Ryan Mcdonagh.
18:00 of 3rd period - Slapshot by Linus Omark.
18:00 of 3rd period - Stopped by Josh Tordjman with a rebound.
18:02 of 3rd period - Snap shot by Cody Franson.
18:02 of 3rd period - Shot Blocked by Alexei Zhitnik.
18:14 of 3rd period - Snap shot by Matt Cullen.
18:14 of 3rd period - Shot Blocked by Trevor Daley.
18:32 of 3rd period - Ryan Mcdonagh is hit by Trevor Daley and loses puck.
18:51 of 3rd period - Slapshot by Jeff Schultz.
18:51 of 3rd period - Shot Misses the Net.
18:53 of 3rd period - Slapshot by Janne Niinimaa.
18:53 of 3rd period - Deflect By Jeff Halpern.
18:53 of 3rd period - Goal by Jeff Halpern - Sasquatch : 1 - Carnivores : 5.
18:54 of 3rd period - Matt Cullen wins face-off versus Steve Bernier in neutral zone.
18:59 of 3rd period - Slapshot by Janne Niinimaa.
18:59 of 3rd period - Shot Blocked by Brian Lee.
19:01 of 3rd period - Slapshot by Jeff Tambellini.
19:01 of 3rd period - Stopped by Cory Schneider with a rebound.
19:03 of 3rd period - Slapshot by Jeff Schultz.
19:03 of 3rd period - Shot Misses the Net.
19:07 of 3rd period - Snap shot by Michael Grabner.
19:07 of 3rd period - Shot Misses the Net.
19:21 of 3rd period - Jeff Schultz is hit by Kevin Porter and loses puck.


Output by the SimonT Hockey Simulator (STHS) for François Prévost -- Original Page W3C XHTML 1.0 Valid
Hockey Simulator - Hockey Simulation - Hockey Manager